Cogmind - Beta 14 @@@ ROGUE MODE // 2024.11.15 @ 09:14:14 Player: Fangrelle Result: Destroyed by Y-45 Defender with Beam Rifle Performance ------------- Evolutions (2) 1000 Regions Visited (6) 1200 Robots Destroyed (93) 465 Value Destroyed (2979) 2979 Prototype IDs (27) 540 Alien Tech Used (0) 0 Bonus (1186) 1186 TOTAL SCORE: 7370 Bonus ------- High Alert Combat Kills 686 Entered Garrisons 200 Aligned with FarCom 300 Cogmind --------- Core Integrity 0/550 Matter 290/300 Energy 247/265 System Corruption 1% Temperature Cool (98) Movement Treading (240) Ox1 Location -8/Garrison Parts ------- > --- POWER (1) -------- Improved Ion Engine > --- PROPULSION (4) --- Light Treads Combat Airjet Combat Airjet > --- UTILITY (4) ------ Lightpack 2.0 Hardened Medium Armor Plating > --- WEAPON (2) ------- Precision Beam Rifle Precision Beam Rifle > --- INVENTORY (40) --- Cryofiber Web Cryofiber Web Cryofiber Web Improved Heat Sink Improved Heat Sink High-capacity Storage Unit Humpback Large Matter Pod (150) Advanced Weight Redist. System Medium Armor Plating Medium Armor Plating Medium Armor Plating Medium Armor Plating Heavy Armor Plating Heavy Armor Plating Heavy Armor Plating Heavy Armor Plating Hardened Medium Armor Plating Hardened Medium Armor Plating Hacking Suite System Shield System Shield Relay Coupler [NC] Relay Coupler [Swarmer] (33) Relay Coupler [Hunter] (13) Relay Coupler [Behemoth] (11) Precision Beam Rifle Precision Beam Rifle Precision Beam Rifle Advanced Beam Rifle Proton Missile Launcher Proton Missile Launcher Heavy Rocket Launcher Heavy Rocket Launcher Great Maul Peak State ------------ > --- POWER ------------ Light Deuterium Engine > --- PROPULSION ------- Armored Treads Armored Treads Armored Treads Aerolev Unit > --- UTILITY ---------- Lightpack 2.0 Improved Propulsion Shielding > --- WEAPON ----------- Precision Beam Rifle Precision Beam Rifle > --- INVENTORY -------- Light Nuclear Core Armored Treads Armored Treads Improved Hover Unit Improved Hover Unit Improved Hover Unit Improved Hover Unit Aerolev Unit Combat Airjet Combat Airjet Cryofiber Web Cryofiber Web Cryofiber Web Improved Heat Sink Improved Heat Sink High-capacity Storage Unit Humpback Large Matter Pod Advanced Weight Redist. System Hacking Suite System Shield System Shield Precision Beam Rifle Precision Beam Rifle Precision Beam Rifle Precision Beam Rifle Advanced Beam Rifle Advanced Beam Rifle Proton Missile Launcher Proton Missile Launcher Heavy Rocket Launcher Heavy Rocket Launcher Great Maul [Rating: 67] Favorites ----------- Power Ion Engine Engine Ion Engine Power Core Nuclear Core Propulsion Wheel Treads Armored Treads Leg Aluminum Leg Wheel Wheel Hover Unit Combat Airjet Utility Lightpack 2.0 Device Improved Heat Sink Storage Lightpack 2.0 Protection Light Armor Plating Weapon Medium Laser Energy Gun Medium Laser Ballistic Gun Assault Rifle Launcher Grenade Launcher Impact Weapon Great Maul Build | -11 -10 -10 -10 -9 -8 -8 ------- Run | Yrd Mat Min Exi Min Mat Gar Slots Evolved 4 | . . . . . 4 . Power . | . . . . . . . Propulsion 2 | . . . . . 2 . Utility 2 | . . . . . 2 . Weapon . | . . . . . . . Parts Attached 84 | 2 9 2 1 4 50 16 Power 8 | . . . . . 7 1 Engine 6 | . . . . . 5 1 Core 2 | . . . . . 2 . Reactor . | . . . . . . . Propulsion 26 | 2 2 . . . 15 7 Treads 13 | 2 . . . . 10 1 Leg . | . . . . . . . Wheel 2 | . 2 . . . . . Hover 11 | . . . . . 5 6 Flight . | . . . . . . . Utility 15 | . 4 . 1 . 8 2 Device 2 | . . . . . 2 . Storage 5 | . 2 . 1 . 2 . Processor . | . . . . . . . Hackware . | . . . . . . . Protection 8 | . 2 . . . 4 2 Artifact . | . . . . . . . Weapon 35 | . 3 2 . 4 20 6 Energy Gun 21 | . 3 1 . 2 11 4 Energy Cannon . | . . . . . . . Ballistic Gun 2 | . . . . . 2 . Ballistic Cannon . | . . . . . . . Launcher 8 | . . 1 . 2 3 2 Special Weapon . | . . . . . . . Impact Weapon 4 | . . . . . 4 . Slashing Weapon . | . . . . . . . Piercing Weapon . | . . . . . . . Special Melee Weapon . | . . . . . . . Unidentified Prototypes 4 | . . . . . 4 . Parts Lost 29 | . 6 . . 1 18 4 Power 6 | . . . . . 6 . Propulsion 12 | . 2 . . 1 5 4 Utility 4 | . 1 . . . 3 . Weapon 7 | . 3 . . . 4 . Highest Loss Streak 6 | . 2 . . 1 6 2 To Critical Strikes . | . . . . . . . Average Slot Usage (%) 81 | . 89 100 62 84 74 72 Engine 11 | . 14 14 14 14 6 6 Treads 9 | . 12 . . . 18 1 Wheel 12 | . 8 28 28 27 3 . Hover 5 | . . . . . 9 28 Storage 13 | . 19 14 14 14 9 9 Protection 5 | . 6 14 5 . 6 4 Energy Gun 13 | . 16 27 . . 16 12 Ballistic Gun 2 | . 11 . . . . . Launcher 5 | . . . . 27 . 5 Peak Build Rating 67 | 6 7 9 12 14 67 66 Average Rating 28 | 5 6 8 10 13 54 61 On Entrance 15 | 6 6 7 9 12 13 53 Naked Turns . | . . . . . . . Heaviest Build 251 | 13 52 53 205 211 251 33 Greatest Support 89 | 40 40 20 20 20 89 38 Greatest Overweight (x) 21 | . 10 2 10 21 6 5 Average Overweight (x) 2 | . 1 2 5 10 . . Largest Inventory Capacity 40 | 8 20 20 35 35 40 40 Average Capacity 29 | 8 14 20 28 35 38 40 Most Carried 40 | 6 8 11 22 21 35 40 Average Carried 17 | 5 5 10 18 20 22 32 Final Capacity 40 | 8 20 20 35 35 40 40 Final Carried 40 | 4 5 11 22 21 34 40 Class Distribution -------------------- 63% | Hauler-Mutant 36% | Mutant Dominant Class ---------------- Mutant | -10/Materials Mutant | -10/Mines Hauler-Mutant | -10/Exiles Hauler-Mutant | -9/Mines Hauler-Mutant | -8/Materials Hauler-Mutant | -8/Garrison Resources | -11 -10 -10 -10 -9 -8 -8 ----------- Run | Yrd Mat Min Exi Min Mat Gar Matter Collected 1804 | 200 389 49 42 131 690 303 Remotely . | . . . . . . . Salvage Created 3256 | . 687 26 . 56 2089 398 Parts 157 | . 41 . . 7 89 20 Haulers Intercepted 4 | . 1 . . . 3 . Recyclers Shooed 1 | . . 1 . . . . Parts Field Recycled . | . . . . . . . Retrieved Matter . | . . . . . . . Parts Self-Destructed . | . . . . . . . Prevented . | . . . . . . . Kills | -11 -10 -10 -10 -9 -8 -8 ------- Run | Yrd Mat Min Exi Min Mat Gar Combat Hostiles Destroyed 84 | . 15 3 . 6 44 16 Melee 5 | . . . . . 5 . Guns 46 | . 15 1 . . 27 3 AOE 26 | . . 2 . 6 6 12 Classes Destroyed 13 | . 7 1 . . 4 1 Worker 4 | . 1 . . . 3 . Builder 4 | . 1 . . . 3 . Hauler 4 | . 1 . . . 3 . Recycler 1 | . . . . . 1 . Operator 1 | . . . . . 1 . Watcher 4 | . 1 . . . 3 . Swarmer 21 | . 3 . . 3 9 6 Grunt 47 | . 11 . . 3 27 6 Brawler 1 | . . . . . . 1 Sentry 9 | . . . . . 6 3 Hunter 2 | . . . . . 2 . Subdweller 1 | . 1 . . . . . Assembled 3 | . . 3 . . . . Best Kill Streak 13 | . 3 3 . 3 12 13 Combat Bots Only 13 | . 3 3 . 3 9 13 Max Kills in Single Turn 4 | . 1 3 . 2 4 3 Gunslinging . | . . . . . . . Exploded 3 | . . 2 . 2 3 3 Melee 1 | . . . . . 1 . Uniques/NPCs Destroyed . | . . . . . . . Combat | -11 -10 -10 -10 -9 -8 -8 -------- Run | Yrd Mat Min Exi Min Mat Gar Hostile Shots Fired 511 | . 111 6 . 9 333 52 Missed 150 | . 30 5 . 4 87 24 Damage Taken 5089 | . 983 13 . 85 3578 430 Core 726 | . 176 . . . 446 104 Absorbed by Shields . | . . . . . . . Redirected to Shielding 100 | . . . . . 100 . Core Remaining (%) 64 | 100 . . . 29 . . Volleys Fired 266 | . 98 6 . 7 132 23 Largest 2 | . 2 2 . 2 2 2 Hottest 122 | . 100 100 . 60 122 122 Shots Fired 519 | . 189 12 . 11 261 46 Gun 486 | . 189 10 . . 254 33 Cannon . | . . . . . . . Launcher 33 | . . 2 . 11 7 13 Special . | . . . . . . . Kinetic 124 | . 116 . . . 8 . Thermal 362 | . 73 10 . . 246 33 Explosive 32 | . . 2 . 11 7 12 Electromagnetic 1 | . . . . . . 1 Robot Hit Streak 18 | . 7 4 . 8 15 18 Robot Miss Streak 10 | . 10 2 . 1 7 1 Penetration Max . | . . . . . . . Secondary Targets 8 | . 2 . . . 6 . Max Gunslinging Chain 1 | . 1 . . . 1 . Shots Hit Robots 331 | . 104 6 . 5 188 28 Core Hits 171 | . 42 10 . 8 81 30 Critical Kills 2 | . . . . . 2 . Critical Parts Destroyed 5 | . 1 . . . 4 . Critical Strikes 30 | . 7 . . . 19 4 Burn 23 | . 6 . . . 13 4 Destroy 1 | . 1 . . . . . Smash 6 | . . . . . 6 . Melee Attacks 43 | . . . . . 43 . Impact 43 | . . . . . 43 . Slashing . | . . . . . . . Piercing . | . . . . . . . Sneak Attacks 1 | . . . . . 1 . Combat Hostiles . | . . . . . . . Follow-up Attacks . | . . . . . . . Damage Inflicted 9010 | . 1255 239 . 455 5033 2028 Guns 4753 | . 1255 75 . . 3030 393 Cannons . | . . . . . . . Explosions 2967 | . . 164 . 455 713 1635 Melee 1290 | . . . . . 1290 . Ramming . | . . . . . . . Kinetic 854 | . 769 . . . 85 . Thermal 3899 | . 486 75 . . 2945 393 Explosive 2942 | . . 164 . 455 713 1610 Electromagnetic 25 | . . . . . . 25 Impact 1290 | . . . . . 1290 . Slashing . | . . . . . . . Piercing . | . . . . . . . Highest Corruption 1 | . 1 1 1 1 . 1 Average Corruption 1 | . 1 1 1 1 . 1 Corruption Purged . | . . . . . . . Corruption Blocked . | . . . . . . . Effects 41 | . 19 6 5 11 . . Message Errors 8 | . 4 2 . 2 . . Matter Fused 14 | . 4 2 3 5 . . Heat Flow Errors 2 | . . 1 . 1 . . Energy Discharges 9 | . 5 1 2 1 . . Data Loss (minor) 3 | . 2 . . 1 . . Data Loss (major) 2 | . 2 . . . . . Misfires 2 | . 2 . . . . . Alerts 1 | . . . . 1 . . Overload Shots . | . . . . . . . Overflow Damage 440 | . . . . 19 408 13 Projectiles . | . . . . . . . Explosions 69 | . . . . 19 37 13 Melee 371 | . . . . . 371 . Knockbacks 4 | . . . . . 4 . Impact 3 | . . . . . 3 . Kinetic . | . . . . . . . Secondary 1 | . . . . . 1 . Self-Inflicted Damage 109 | . . . . 24 15 70 Shots 5 | . . . . 1 1 3 Rammed . | . . . . . . . Targets Rammed . | . . . . . . . Kicked . | . . . . . . . Crushed . | . . . . . . . Highest Temperature 497 | . 460 223 . 148 497 279 Average Temperature 125 | . 88 65 . 43 149 81 Received Heat Transfer 2313 | . 474 . . 30 1719 90 Effects 14 | . 3 . . . 11 . Shutdowns 5 | . 1 . . . 4 . Energy Bleed 4 | . . . . . 4 . Interference 3 | . 2 . . . 1 . Matter Decay 1 | . . . . . 1 . Damage (minor) 1 | . . . . . 1 . Siege Activations . | . . . . . . . Robots Corrupted 6 | . . . . . 6 . Combat Hostiles 6 | . . . . . 6 . Parts Fried 3 | . . . . . 3 . Impact Corruptions 14 | . . . . . 14 . Robots Melted 1 | . . . . . . 1 Combat Hostiles 1 | . . . . . . 1 Parts Melted 21 | . 7 . . . 12 2 Heat Transferred 10027 | . 1887 222 . . 6771 1147 Parts Sabotaged . | . . . . . . . Parts Stolen . | . . . . . . . Parts Stripped . | . . . . . . . Power Chain Reactions . | . . . . . . . Alert | -11 -10 -10 -10 -9 -8 -8 ------- Run | Yrd Mat Min Exi Min Mat Gar Peak Influence 1194 | . 154 12 . 101 1160 1194 Initial 754 | . . . . . 39 754 Average 272 | . 64 5 . 31 460 987 Maximum Alert Level 4 | . . . . . 4 4 Low Security (%) 67 | 100 100 100 . 100 34 . Level 1 3 | . . . . . 10 . Level 2 8 | . . . . . 23 . Level 3 13 | . . . . . 26 48 Level 4 6 | . . . . . 5 51 Level 5 . | . . . . . . . High Security . | . . . . . . . Max Security . | . . . . . . . Squads Dispatched 10 | . 2 . . . 8 . Investigation 7 | . 2 . . . 5 . Extermination . | . . . . . . . Reinforcement 3 | . . . . . 3 . Assault . | . . . . . . . Garrison . | . . . . . . . Intercept . | . . . . . . . Searches Triggered . | . . . . . . . Construction Impeded 1 | . . . . . 1 . Haulers Reinforced . | . . . . . . . Active Scanning Responses . | . . . . . . . Cargo Convoy Interrupts . | . . . . . . . Stealth | -11 -10 -10 -10 -9 -8 -8 --------- Run | Yrd Mat Min Exi Min Mat Gar Distress Signals 8 | . 2 . . . 6 . Communications Jammed . | . . . . . . . Distress Signals . | . . . . . . . Times Spotted 134 | . 30 7 . 3 80 14 Peak Tracking Total 10 | . 4 8 . 3 10 7 Tactical Retreats 17 | . 2 . . . 14 1 Traps | -11 -10 -10 -10 -9 -8 -8 ------- Run | Yrd Mat Min Exi Min Mat Gar Traps Triggered 9 | . 1 . . . 2 6 Indirectly . | . . . . . . . Trap Hack Attempts . | . . . . . . . Triggered . | . . . . . . . Disarmed . | . . . . . . . Reprogrammed . | . . . . . . . Reused . | . . . . . . . Traps Extracted . | . . . . . . . Installed . | . . . . . . . Triggered 1 | . . . . . 1 . Machines | -11 -10 -10 -10 -9 -8 -8 ---------- Run | Yrd Mat Min Exi Min Mat Gar Machines Disabled 3 | . . . . 1 1 1 Max in Single Turn 1 | . . . . 1 1 1 Garrison Relay 1 | . . . . . . 1 Machines Repaired . | . . . . . . . Machines Dismantled . | . . . . . . . Machines Sabotaged . | . . . . . . . Overloaded Fab Kills . | . . . . . . . Hacking | -11 -10 -10 -10 -9 -8 -8 --------- Run | Yrd Mat Min Exi Min Mat Gar Machines Accessed 25 | . 10 1 2 . 11 1 Terminals 16 | . 8 1 . . 6 1 Fabricators . | . . . . . . . Repair Stations . | . . . . . . . Recycling Units 4 | . 2 . . . 2 . Scanalyzers 2 | . . . . . 2 . Garrison Access 1 | . . . . . 1 . Total Hacks 82 | . 29 3 5 . 44 1 Successful 57 | . 22 . 5 . 30 . Failed 25 | . 7 3 . . 14 1 Catastrophic 2 | . . . . . 1 1 Database Lockouts . | . . . . . . . Manual 56 | . 27 . 1 . 27 1 Terminals 53 | . 24 3 . . 25 1 Fabricators . | . . . . . . . Repair Stations . | . . . . . . . Recycling Units 11 | . 5 . . . 6 . Scanalyzers 12 | . . . . . 12 . Garrison Access 1 | . . . . . 1 . Terminal Hacks 6 | . . . 5 . 1 . Record 4 | . . . 4 . . . Unreport Threat 1 | . . . . . 1 . Derelict Proto ID Bank 1 | . . . 1 . . . Fabricator Hacks . | . . . . . . . Repair Station Hacks . | . . . . . . . Recycling Unit Hacks 6 | . 3 . . . 3 . Report Inventory 5 | . 3 . . . 2 . Retrieve Components 1 | . . . . . 1 . Scanalyzer 10 | . . . . . 10 . Insert Component 5 | . . . . . 5 . Analyze 5 | . . . . . 5 . Garrison Access Hacks 1 | . . . . . 1 . Unlock Access 1 | . . . . . 1 . Unauthorized Hacks 34 | . 19 . . . 15 . Terminals 31 | . 18 . . . 13 . Track 1 | . . . . . 1 . Assimilate 11 | . 7 . . . 4 . Botnet 12 | . 8 . . . 4 . Operators 2 | . 1 . . . 1 . Skim 5 | . 2 . . . 3 . Fabricators . | . . . . . . . Repair Stations . | . . . . . . . Recycling Units 3 | . 1 . . . 2 . Tunnel 3 | . 1 . . . 2 . Scanalyzers . | . . . . . . . Garrison Access . | . . . . . . . Data Cores Recovered . | . . . . . . . Used . | . . . . . . . Hacking Detections 23 | . 10 1 . . 11 1 Full Trace Events 3 | . 1 . . . 2 . Feedback Events . | . . . . . . . Feedback Blocked . | . . . . . . . Robot Schematics Acquired . | . . . . . . . Robots Built . | . . . . . . . Authchips . | . . . . . . . Time . | . . . . . . . Total Robot Build Rating . | . . . . . . . Part Schematics Acquired 5 | . . . . . 5 . Parts Built . | . . . . . . . Authchips . | . . . . . . . Time . | . . . . . . . Total Part Build Rating . | . . . . . . . Parts Repaired . | . . . . . . . Time . | . . . . . . . Parts Recycled . | . . . . . . . Recycled Matter . | . . . . . . . Retrieved Matter . | . . . . . . . Retrieved Components 9 | . . . . . 9 . Parts Scanalyzed 5 | . . . . . 5 . Part Schematics Acquired 5 | . . . . . 5 . Parts Damaged . | . . . . . . . Bothacking | -11 -10 -10 -10 -9 -8 -8 ------------ Run | Yrd Mat Min Exi Min Mat Gar Used RIF Installer . | . . . . . . . Robots Hacked . | . . . . . . . Non-combat . | . . . . . . . Combat . | . . . . . . . Robot Hacks Applied . | . . . . . . . Relay Couplers Released 4 | . . . . . . 4 Machine Destruction 4 | . . . . . . 4 Fabnet Peak Effective % . | . . . . . . . Robots Rewired . | . . . . . . . Allies Hacked . | . . . . . . . Hacks Repelled . | . . . . . . . Allies | -11 -10 -10 -10 -9 -8 -8 -------- Run | Yrd Mat Min Exi Min Mat Gar Total Allies 3 | . 1 2 . . . . Largest Group 2 | . 1 2 2 . . . Highest-Rated Group 45 | . 10 45 45 . . . Highest-Rated Ally 31 | . 10 31 31 . . . Total Orders . | . . . . . . . Ally Attacks . | . . . . . . . Total Damage . | . . . . . . . Kills . | . . . . . . . Allies Corrupted . | . . . . . . . Allies Melted . | . . . . . . . Intel | -11 -10 -10 -10 -9 -8 -8 ------- Run | Yrd Mat Min Exi Min Mat Gar Robot Analysis Total . | . . . . . . . Derelict Logs Recovered 4 | . . 3 . 1 . . Drone Launches . | . . . . . . . Drone Recoveries . | . . . . . . . Exploration | -11 -10 -10 -10 -9 -8 -8 ------------- Run | Yrd Mat Min Exi Min Mat Gar Turns Passed 7435 | 4 1715 780 617 1194 2614 511 Spaces Moved 3732 | 1 794 661 371 499 1068 338 Core 54 | . 28 . . . 17 9 Treads 1111 | 1 401 . . . 671 38 Legs . | . . . . . . . Wheels 1896 | . 365 661 371 499 . . Hover 671 | . . . . . 380 291 Flight . | . . . . . . . Fastest Speed 48 | 160 95 110 80 230 74 48 Average Speed 162 | 160 165 110 159 232 179 105 Slowest Speed 550 | 160 550 110 230 395 499 300 Overloaded Moves . | . . . . . . . Propulsion Burnouts . | . . . . . . . Robots Hopped . | . . . . . . . Cave-ins Triggered . | . . . . . . . Exploration Rate (%) 65 | 1 95 99 69 88 71 37 Regions Visited 6 Branch Regions 3 Pre-discovered Areas 6 | . 1 2 1 . 2 . Known Exits Taken 1 | . . . . . 1 . Unknown Exits Taken 5 | 1 1 1 1 1 . . Scrap Searched 3 | . . 1 . 2 . . Spaces Dug 26 | . . . . . 1 25 Terrain Destroyed 161 | . . 16 . 59 33 53 Melee 1 | . . . . . 1 . Projectile 2 | . . . . . 2 . AOE 158 | . . 16 . 59 30 53 Terrain Rammed . | . . . . . . . Walls Destroyed . | . . . . . . . Machines Disabled . | . . . . . . . Actions | -11 -10 -10 -10 -9 -8 -8 --------- Run | Yrd Mat Min Exi Min Mat Gar Total 4512 | 4 1016 701 403 521 1422 445 Wait 248 | . 107 26 . 11 61 43 Move 3726 | . 793 660 370 498 1067 338 Hop . | . . . . . . . Pick Up 88 | . 7 6 21 1 43 10 Fast Attach 18 | . 2 . 1 . 12 3 Attach 36 | 2 6 . . 2 20 6 Detach 12 | . . . 2 . 9 1 Swap 30 | . 1 2 . 2 18 7 Drop 32 | 2 2 . 9 . 17 2 Fire 266 | . 98 6 . 7 132 23 Melee 43 | . . . . . 43 . Ram . | . . . . . . . Kick . | . . . . . . . Crush . | . . . . . . . Escape Stasis 12 | . . . . . . 12 Rewire 1 | . . 1 . . . . Trap . | . . . . . . . Miscellaneous . | . . . . . . . Route ------- -11/Scrapyard -10/Materials (discovered 5 exits: [*Mat x3] / *Min x2) -10/Mines (discovered 4 exits: [*Mat x2] / *Exi / [*Sub]) -10/Exiles -9/Mines (discovered 2 exits: *Mat x2) -8/Materials (discovered 3 exits: *Fac x2 / Gar) -8/Garrison (discovered 1 exit: *Fac) History --------- Turn | Location | Event 5 | -11/Scrapyard | Discovered new exit (range 0) 5 | -11/Scrapyard | Entered Materials 310 | -10/Materials | Build established: Mutant 384 | -10/Materials | Discovered new exit (range 7) 705 | -10/Materials | Derelicts attacked the area 790 | -10/Materials | Discovered new exit (range 16) 1022 | -10/Materials | Core integrity fell below 50% 1294 | -10/Materials | Discovered new exit (range 8) 1502 | -10/Materials | Discovered new exit (range 16) 1715 | -10/Materials | Discovered new exit (range 6) 1720 | -10/Materials | Entered Mines 1721 | -10/Mines | Assembled infested the area 1784 | -10/Mines | Met 8R-AWN 1920 | -10/Mines | Discovered new exit (range 5) 1957 | -10/Mines | Learned location of Storage (-7) 1964 | -10/Mines | Learned location of 1 exit from Materials 1971 | -10/Mines | Learned 2 Materials zone layouts 2228 | -10/Mines | Discovered new exit (range 5) 2438 | -10/Mines | Discovered new exit (range 4) 2473 | -10/Mines | Discovered new exit (range 5) 2500 | -10/Mines | Entered Exiles 2500 | -10/Exiles | Accompanied by 2 allies 2530 | -10/Exiles | Led the pair of lost Derelicts to a safe place 2534 | -10/Exiles | Welcomed by 8R-AWN 2550 | -10/Exiles | Met EX-HEX 2589 | -10/Exiles | Met EX-BIN 2605 | -10/Exiles | Aligned with FarCom system 2606 | -10/Exiles | Given EX-Vault access code 2631 | -10/Exiles | Opened EX-Vault 2635 | -10/Exiles | Found Lightpack 2.0 2657 | -10/Exiles | Warned to stay clear of 0b10 Research branches 2692 | -10/Exiles | Met EX-DEC 2932 | -10/Exiles | Learned location of Zion (-7) 3034 | -10/Exiles | Build established: Hauler-Mutant 3078 | -10/Exiles | Discovered new exit (range 14) 3117 | -10/Exiles | Left Exiles lab with Lightpack 2.0 3117 | -10/Exiles | Entered Mines 3341 | -9/Mines | Discovered new exit (range 11) 4266 | -9/Mines | Discovered new exit (range 9) 4311 | -9/Mines | Entered Materials 4311 | -8/Materials | Evolved 4 slots: Propulsion x2, Utility x2 4312 | -8/Materials | Identified exit to Factory 5252 | -8/Materials | Destroyed 9 combat bots 5288 | -8/Materials | Lost 6 parts (2p1n1u2w) 5759 | -8/Materials | Core integrity fell below 50% 5811 | -8/Materials | Destroyed 8 combat bots 6392 | -8/Materials | Discovered exit to Factory (range 3) 6779 | -8/Materials | Core integrity fell below 20% 6923 | -8/Materials | Identified exit to Garrison 6925 | -8/Materials | Entered Garrison 7007 | -8/Garrison | Triggered checkpoint 7084 | -8/Garrison | Garrison Relay disabled 7135 | -8/Garrison | Triggered checkpoint 7144 | -8/Garrison | Triggered checkpoint 7168 | -8/Garrison | Triggered checkpoint 7171 | -8/Garrison | Triggered checkpoint 7198 | -8/Garrison | Destroyed 13 combat bots 7281 | -8/Garrison | Discovered exit to Factory (range 11) 7333 | -8/Garrison | Triggered checkpoint 7436 | -8/Garrison | Destroyed by Y-45 Defender with Beam Rifle Last Messages --------------- 07326_ Y-45 Defender heat damages core (-7). 07326_ Lgt. Armor Plating melted. 07328_ The unstable cave ceiling collapses. 07330_ Acquired 34 matter. 07331_ Acquired Lgt. Treads. Adv. Beam Rifle swallowed by quantum anomaly within Lightpack 2.0. 07345_ Acquired 10 matter. 07362_ The unstable cave ceiling collapses. 07400_ Triggered Alarm Trap. 07400_ An alarm sounds. 07405_ Acquired Hvy. Armor Plating. Arm. Treads swallowed by quantum anomaly within Lightpack 2.0. 07408_ Acquired Hvy. Armor Plating. 07421_ Dropped Med. Armor Plating. 07421_ Acquired Unknown Protection. 07421_ Identified Hrd. Medium Armor Plating. 07428_ Acquired Hrd. Medium Armor Plating. 07431_ Dropped Med. Armor Plating. 07431_ Acquired Hrd. Medium Armor Plating. 07432_ Y-45 Defender suffers critical hit (Burn). Map ----- +----------------------------------------------------+ | | | ?????????????????????????????????????????????????? | | ?????????????????????????????????????????????????? | | ?????????????????????????????????????????????????? | | ?????????????????????????????????????????????????? | | ?????????????????????????????????????????????????? | | ?????????????????????????????????????????????????? | | ?????????????????????????????????????????????????? | | ?????????????????????????????????????????????????? | | ??????????????????Y??????????????????????????????? | | ?????????????????????????????????????????????????? | | ?????????????????????????????????????????????????? | | ?????????????????????????????????????????????????? | | ?????????????????????????????????????????????????? | | ?????????????????????????????????????????????????? | | ??????????????????????#####??????????????????????? | | ??????????????????????#"""#??????????????????????? | | ???????????????##?????#" "#??????????????????????? | | ??????????????? ?????#" "#??????????????????????? | | ??????????????? ?????#" "#??????????????????????? | | ??????????????# ?????? ???????????????????????? | | ??????????????# #??????# #???????????????????????? | | ??????????????# #?????## ##??????????????????????? | | ??????????????# #?????# ! #??????????????????????? | | ??????????????# #?????# !#??????????????????????? | | ??????????????# #?????# @#??????????????????????? | | ????????????### #?????# !#??????????????????????? | | ????????????# ########Y##??????????????????????? | | ????????????# #???????????????????????? | | ????????????# ##########???????????????????????? | | ????????????### ####???????????????????????? ????? | | ?????????????# # #???????????????????????? ????? | | ????????#+#### ### #???????????????????? ????? | | #########[%[ % #???????????????????? #???? | | !## # ## #???????####???????## #???? | | #### ## #??????????# ??????? ???? | | ######### #?####?###??????????# ??????? ???? | | ????????# #?????????#?????????# #???????# #???? | | ????????# #?????????? #####???# #???????# #???? | | ????????# #??????????? #???# #???????# #???? | | ????????# #????????????# #???# #???????# #???? | | ????????# #?????????????# ##### #???????# #???? | | ????????# #?????????????# = [## #???????# #???? | | ????????# #????????###### ## ##??????# ##??? | | ????????# ########## % ######## T#??? | | ????????# #???? | | ????????# #???? | | ????????############ ^ # ###########???? | | ??????????????????### ## # ###???????????? | | ??????????????????# =[%#???????????? | +----------------------------------------------------+ Best States ------------- Heat Dissipation 45 Energy Generation 14 Energy Capacity 265 Matter Stores 300 Matter Capacity 300 Sight Range 16 Terrain Scan Density 10 Additional Mass Support 9 Armor Coverage 225 Propulsion Shielding 66 Evasion (%) 53 Recoil Reduction 4 Item Schematics ----------------- Cmb. Airjet | -8/Materials | Scanalyzed Hacking Suite | -8/Materials | Scanalyzed Humpback | -8/Materials | Scanalyzed System Shield | -8/Materials | Scanalyzed Imp. Hover Unit | -8/Materials | Scanalyzed Robot Schematics ------------------ None Fabricated ------------ Nothing Alien Tech Used ----------------- None Achievements -------------- None Challenges ------------ None Game ------ Seed TeslaLauncherFemtoactuators Manual? 0 Play Time 00:51:00 Cumulative 80.0 hours Start 2024.11.15 @ 06:32:34 End 2024.11.15 @ 09:14:14 Sessions 3 Manual Loads 0 Difficulty Rogue Special Mode None Game No. 138 Rogue 138 Adventurer 0 Explorer 0 Win Type - Total 0 Types 0/0/0/0/0/0/0/0/0 Lore% 41 Gallery% 36 Achievement% 34 Wizard Run 0 Options --------- Layout 0 ASCII 0 Keyboard 0 Movement Mouse Keybinds 0 Fullscreen 1 Font 24/Smallcaps Map View 91x25 Zoom Use 91% Tactical HUD 1 Map Filters NONE Filters NONE Steam 1 RUN: a8ec884a-38b3-4c3d-8f0b-dad539b4ef4d